 Dungeon Crawl Stone Soup version 0.21-a0-638-g11b2e07010 (webtiles) character file.

15773365 GordonOverkill the Conqueror (level 27, 263/263 (273) HPs)
             Began as a Hill Orc Artificer on Dec 30, 2017.
             Was the Champion of the Shining One.
             Escaped with the Orb
             ... and 15 runes!
             The game lasted 04:56:40 (100045 turns).

GordonOverkill the Conqueror (Hill Orc Artificer) Turns: 100045, Time: 04:56:40

HP:   263/263 (273) AC: 48    Str: 29    XL:     27
MP:   60/60         EV: 21    Int:  5    God:    the Shining One [******]
Gold: 11569         SH: 38    Dex: 14    Spells: 26/56 levels left

rFire    + + +     SeeInvis +   a - +9 broad axe (holy)
rCold    + + +     Gourm    .   l - +4 large shield {reflect}
rNeg     + + +     Faith    .   H - +12 gold dragon scales
rPois    +         Spirit   .   d - +0 mask of the Dragon {MR+ Slay+3 SInv}
rElec    +         Reflect  +   t - +2 cloak of Cowardice {rF+ Stlth+}
rCorr    +         Harm     .   W - +1 pair of gloves of the Blessed Realm {Regen+ rCorr Slay+3 Stlth-}
MR       ++++.                  e - +0 pair of boots of Elitism {rElec rF+ MP+9}
Stlth    ..........             q - amulet of Qeile {rN+ Regen+ Str+4}
HPRegen  1.33/turn              J - ring "Tukejocs" {rElec rC++ MR+ Int-3 Slay+2}
MPRegen  0.37/turn              N - ring of Zadwiuh {MP+9 Int-3 Slay+5 Stlth+}

@: glowing
A: claws 1, large bone plates 2, camouflage 1, poison resistance, subdued magic
2
0: Orb of Zot
}: 15/15 runes: barnacled, slimy, silver, golden, iron, obsidian, icy, bone,
abyssal, demonic, glowing, magical, fiery, dark, gossamer
a: Divine Shield, Cleansing Flame, Summon Divine Warrior, Renounce Religion


You escaped.
You worshipped the Shining One.
The Shining One was exalted by your worship.
You were full.

You visited 18 branches of the dungeon, and saw 90 of its levels.
You visited Pandemonium 2 times, and saw 17 of its levels.
You visited the Abyss 2 times.
You also visited: Bailey.

You collected 15395 gold pieces.
You spent 3826 gold pieces at shops.

Inventory:

Hand Weapons
 a - a +9 broad axe of holy wrath (weapon)
 b - the +10 broad axe of Karma {flame, rC+ Str+4 Dex+3}
   (You found it on level 1 of the Spider Nest)

   It has been specially enchanted to burn those struck by it, causing extra
   injury to most foes and up to half again as much damage against particularly
   susceptible opponents.
   Big, fiery blades are also staple armaments of hydra-hunters.
   It affects your strength (+4).
   It affects your dexterity (+3).
   It protects you from cold.
 s - a +2 antimagic broad axe
 w - a +1 broad axe of flaming
Missiles
 u - 10 throwing nets (quivered)
Armour
 d - the +0 mask of the Dragon (worn) {MR+ Slay+3 SInv}
   (You found it on level 3 of the Realm of Zot)

   It affects your accuracy and damage with ranged weapons and melee attacks
   (+3).
   It affects your resistance to hostile enchantments.
   It lets you see invisible.
 e - the +0 pair of boots of Elitism (worn) {rElec rF+ MP+9}
   (You bought it in a shop on level 2 of the Orcish Mines)

   It protects you from fire.
   It insulates you from electricity.
   It affects your magic capacity (+9).
 l - a +4 large shield of reflection (worn)
 t - the +2 cloak of Cowardice (worn) {rF+ Stlth+}
   (Okawaru gifted it to you on level 3 of the Abyss)

   It protects you from fire.
   It makes you more stealthy.
 B - a +1 pair of boots of running
 H - +12 gold dragon scales (worn)
 R - the +1 cloak of Hospitality {+Inv +Fly rC- Slay+4}
   (Okawaru gifted it to you in the Vestibule of Hell)

   It affects your accuracy and damage with ranged weapons and melee attacks
   (+4).
   It makes you vulnerable to cold.
   It lets you turn invisible.
   It lets you fly.
 W - the +1 pair of gloves of the Blessed Realm (worn) {Regen+ rCorr Slay+3 Stlth-}
   (You found it on level 4 of the Shoals)

   It affects your accuracy and damage with ranged weapons and melee attacks
   (+3).
   It increases your rate of regeneration.
   It protects you from acid and corrosion.
   It makes you less stealthy.
Jewellery
 q - the amulet of Qeile (around neck) {rN+ Regen+ Str+4}
   (You found it on level 3 of the Lair of Beasts)

   [amulet of regeneration]

   It affects your strength (+4).
   It protects you from negative energy.
   It increases your rate of regeneration.
 J - the ring "Tukejocs" (left hand) {rElec rC++ MR+ Int-3 Slay+2}
   (You acquired it on level 3 of the Iron City of Dis)

   [ring of protection from magic]

   It affects your intelligence (-3).
   It affects your accuracy and damage with ranged weapons and melee attacks
   (+2).
   It greatly protects you from cold.
   It insulates you from electricity.
   It affects your resistance to hostile enchantments.
 N - the ring of Zadwiuh (right hand) {MP+9 Int-3 Slay+5 Stlth+}
   (You took it off a deep elf mage on level 3 of the Elven Halls)

   [ring of magical power]

   It affects your intelligence (-3).
   It affects your accuracy and damage with ranged weapons and melee attacks
   (+5).
   It affects your magic capacity (+9).
   It makes you more stealthy.
 S - the ring of Juinoiru {rF+ MR+}
   (You acquired it on level 5 of the Realm of Zot)

   [ring of protection from magic]

   It protects you from fire.
   It affects your resistance to hostile enchantments.
Wands
 c - a wand of acid (54)
 g - a wand of enslavement (6)
 D - a wand of digging (13)
 G - a wand of paralysis (81)
 O - a wand of iceblast (33)
Scrolls
 k - 7 scrolls of amnesia
 o - 4 scrolls of silence
 p - 47 scrolls of remove curse
 v - 32 scrolls of teleportation
 x - 13 scrolls of fog
 y - 3 scrolls of blinking
 I - 14 scrolls of fear
 K - 4 scrolls of summoning
 M - 13 scrolls of magic mapping
 V - 21 scrolls of identify
Potions
 h - 3 potions of ambrosia
 i - 11 potions of cancellation
 m - a potion of heal wounds
 n - 8 potions of flight
 r - 2 potions of might
 A - 5 potions of agility
 E - 17 potions of curing
 F - 12 potions of lignification
 L - 7 potions of berserk rage
 P - 11 potions of brilliance
 U - 5 potions of magic
 Y - a potion of resistance
Comestibles
 f - 86 rations


   Skills:
 O Level 27 Fighting
   Level 1.0 Short Blades
 O Level 27 Axes
 O Level 27 Armour
 O Level 27 Dodging
 - Level 1.0 Stealth
 O Level 27 Shields
 - Level 15.0 Spellcasting
 - Level 15.0 Hexes
 - Level 10.0 Summonings
 - Level 10.0 Translocations
 - Level 10.0 Air Magic
 O Level 27 Invocations
 + Level 20.0 Evocations


You had 26 spell levels left.
You knew the following spells:

 Your Spells              Type           Power        Failure   Level  Hunger
a - Passwall              Tmut/Erth      #.........   58%         2    ##.....
b - Spectral Weapon       Hex/Chrm       #.......     5%          3    ###....
c - Deflect Missiles      Chrm/Air       #.........   100%        6    #######
d - Silence               Hex/Air        ##........   6%          5    ######.
e - Apportation           Tloc           #.....       1%          1    None
f - Summon Butterflies    Summ           #.......     1%          1    None
g - Invisibility          Hex            ##......     14%         6    #######
h - Blink                 Tloc           N/A          1%          2    ##.....
i - Passage of Golubria   Tloc           N/A          7%          4    ####...


Dungeon Overview and Level Annotations

Branches:
Dungeon (15/15)            Temple (1/1) D:4            Lair (6/6) D:11
 Shoals (4/4) Lair:4       Spider (4/4) Lair:3        Slime (5/5) Lair:5
    Orc (2/2) D:10            Elf (3/3) Orc:2        Vaults (5/5) D:13
  Crypt (3/3) Vaults:2       Tomb (3/3) Crypt:3      Depths (5/5) D:15
   Hell (1/1)                 Dis (7/7) Hell            Geh (7/7) Hell
    Coc (7/7) Hell            Tar (7/7) Hell            Zot (5/5) Depths:5

Altars:
Ashenzari
Cheibriados
Dithmenos
Elyvilon
Fedhas
Gozag
Hepliaklqana
Kikubaaqudgha
Makhleb
Nemelex Xobeh
Okawaru
Qazlal
Ru
Sif Muna
Trog
Uskayaw
Vehumet
Wu Jian
Xom
Yredelemnul
Zin
The Shining One
Beogh
Jiyva
Lugonu

Shops:
D:4 [   D:6 =   D:14 %   Orc:1 (   Orc:2 *([*[:?[   Elf:1 }   Elf:2 (
Shoals:4 %   Vaults:3 *   Vaults:4 }   Vaults:5 !!!   Depths:4 (

Portals:
Hell: Depths:1 Depths:2 Depths:3 Depths:4 Depths:5
Abyss: Depths:4
Pandemonium: Depths:2 Depths:3
Ziggurat: Depths:1


Innate Abilities, Weirdness & Mutations

You have sharp fingernails.
You are mostly covered in large bone plates. (SH +6)
Your skin changes colour to match your surroundings (Stealth+).
Your system is resistant to poisons. (rPois)
Your spells are easier to cast, but less powerful.


Message History

The Shining One accepts your kill.
The chaos spawn degenerates into a cloud of primal chaos!
No target in view!
A red devil comes into view. It is wielding a trident.
The red devil hops backward while attacking.
The red devil completely misses you.
The red devil hops backward while attacking.
You block the red devil's attack. You block the red devil's attack.
There is a fountain of clear blue water here.
You cut the red devil into ribbons!!!
You kill the red devil!
The Shining One accepts your kill.
No target in view!
No target in view!
No target in view!
There is a fountain of clear blue water here.
There is an open door here.
There is a staircase leading out of the dungeon here.
You have escaped!

#.##########......# #.# #.#
##.....### #.#####
#.########.......######.#...##
#.................).......#...
##########.......########.....
#.....).##......#####
#.⌠...⌠.##.####.# #[.###..##.#
#.# #..#@#..##.# #.###
##..#'#.....# #...# #
#..)...⌠..### ###.###
#.........# #.... #.........#
##### ########### #


There were no monsters in sight!

Vanquished Creatures
  Cerebov (Pan)
  Asmodeus (Geh:7)
  Antaeus (Coc:7)
  Ereshkigal (Tar:7)
  Gloorx Vloq (Pan)
  the Royal Jelly (Slime:5)
  the Serpent of Hell (Dis:7)
  Mnoleg (Pan)
  Khufu (Tomb:2)
  Dispater (Dis:7)
  8 ancient liches
  Mara (Elf:3)
  4 orbs of fire
  3 juggernauts
  23 greater mummies
  The ghost of krfreak the Demonologist, a veteran BaIE of Sif Muna (Zot:5)
  15 shard shrikes
  Saint Roka (Depths:1)
  3 Killer Klowns
  13 pandemonium lords
  3 caustic shrikes (Depths:5)
  14 golden dragons
  3 curse toes
  Geryon (Hell)
  A profane servitor (Crypt:3)
  16 bone dragons
  7 doom hounds
  4 electric golems
  21 Tzitzimimeh
  14 Ice Fiends
  Jorgrun (Elf:3)
  10 tentacled monstrosities
  34 Brimstone Fiends
  19 Hell Sentinels
  3 iron giants
  2 hellephants (Abyss:3)
  15 liches
  27 Orb Guardians
  9 quicksilver dragons
  A kraken (Shoals:2)
  5 deep elf master archers
  5 deep elf blademasters
  27 acid blobs
  30 Executioners
  19 ancient champions
  11 death cobs
  12 titans
  Agnes (D:14)
  4 eldritch tentacles
  13 sphinxes
  9 tengu reavers
  27 storm dragons
  17 shadow dragons
  3 revenants
  Ilsuiw (Shoals:4)
  23 fire giants
  3 draconian monks
  17 azure jellies
  18 black suns (Pan)
  39 balrugs
  11 emperor scorpions
  9 ghost moths
  8 deep elf sorcerers
  27 cacodemons
  4 draconian shifters
  30 frost giants
  4 orc warlords
  5 draconian knights
  Aizul (Shoals:1)
  8 draconian scorchers
  6 curse skulls
  12 warmongers (Pan)
  Louise (Spider:1)
  19 vault wardens
  5 iron dragons
  3 deep elf elementalists (Elf:3)
  9 draconian annihilators
  2 spriggan defenders (Depths:2)
  9 ghouls
  80 reapers
  3 draconian stormcallers
  10 blood saints (Pan)
  31 stone giants
  17 war gargoyles
  7 entropy weavers
  53 very ugly things
  9 ironheart preservers
  8 green draconians
  5 bennus
  17 red draconians
  8 black draconians
  Nessos (Lair:4)
  12 corrupters (Pan)
  27 lorocyprocas
  2 elemental wellsprings
  Azrael (D:13)
  14 white draconians
  15 vampire knights
  9 deep elf demonologists
  5 spark wasps
  6 dire elephants (Abyss:3)
  19 purple draconians
  Snorg (D:13)
  33 green deaths
  14 deep elf annihilators
  7 merfolk javelineers (Shoals:4)
  10 yellow draconians
  4 eidola
  15 ettins
  10 merfolk impalers
  38 blizzard demons
  12 deep elf death magi
  11 mummy priests
  7 death oozes
  12 crystal guardians
  9 fire dragons
  20 jiangshi
  14 yaktaur captains
  2 quicksilver dragon zombies
  2 deep elf high priests
  41 vault guards
  A kraken zombie (Coc:6)
  6 rakshasas
  3 spriggan air magi
  19 great orbs of eyes
  6 hydras
  26 ice dragons
  7 monstrous demonspawn (Pan)
  4 quicksilver dragon skeletons
  4 ghost crabs
  3 hell beasts
  12 ogre magi
  3 alligator snapping turtles (Shoals:4)
  5 merfolk aquamancers
  2 merfolk avatars (Shoals:4)
  19 centaur warriors
  A queen ant (Spider:4)
  3 satyrs
  34 two-headed ogres
  A two-headed ogre (shapeshifter) (Vaults:5)
  8 deep troll shamans
  35 death scarabs
  8 death knights
  37 dancing weapons
  8 deep troll earth magi
  27 hell hogs
  3 death yaks (Lair:6)
  7 titan zombies
  2 tengu warriors
  10 vampire magi
  4 orc high priests (Orc:2)
  7 spriggan berserkers
  6 storm dragon zombies
  53 soul eaters
  75 sun demons
  39 deep elf knights
  2 shock serpents (Pan)
  Sonja (D:15)
  34 sixfirhies
  10 iron golems
  2 iron trolls (Depths:2)
  A wretched star (Abyss:3)
  10 shadow wraiths
  A fire crab (Lair:6)
  5 titan skeletons
  53 hell knights
  125 skeletal warriors
  4 ghost moth zombies
  A cherub (Pan)
  3 storm dragon skeletons
  A spatial maelstrom (Abyss:3)
  20 sea snakes
  2 death drakes
  20 deep trolls
  7 wizards
  3 golden dragon zombies
  15 gelid demonspawn
  A tengu zombie (Vaults:5)
  11 torturous demonspawn (Pan)
  16 flayed ghosts
  4 unseen horrors
  Pikel (D:7)
  8 glowing orange brains
  A spectral hydra (Crypt:3)
  An orange crystal statue (Depths:3)
  14 harpies
  6 infernal demonspawn (Pan)
  27 shadow demons
  12 anaconda zombies
  11 ironbrand convokers
  7 shadow dragon zombies
  25 deep elf archers
  13 necromancers
  22 orc knights
  16 phantasmal warriors
  2 shadow dragon skeletons
  An iron giant skeleton (Crypt:1)
  A sphinx zombie (Vaults:4)
  5 anaconda skeletons
  5 golden dragon skeletons
  An orb spider (shapeshifter) (Depths:5)
  A lindwurm (shapeshifter) (Vaults:5)
  18 orb spiders
  2 iron dragon zombies (Geh:7)
  49 ugly things
  5 wolf spider zombies
  11 orc sorcerers
  6 fire giant zombies
  29 wolf spiders
  13 manticores
  20 fauns
  A tengu skeleton (Depths:3)
  78 deep elf magi
  12 shining eyes
  2 worldbinders (Abyss:3)
  3 salamanders (Geh:7)
  7 frost giant zombies
  9 stone giant zombies
  A moth of wrath (shapeshifter) (Depths:5)
  6 cyclopes
  2 iron dragon skeletons
  A black mamba (shapeshifter) (Vaults:2)
  5 stone giant skeletons
  5 dire elephant zombies
  6 black mambas
  26 moths of wrath
  11 elephants
  A guardian serpent (shapeshifter) (Vaults:2)
  8 merfolk sirens
  6 fire giant skeletons
  A manticore (shapeshifter) (Vaults:5)
  44 rust devils
  2 torpor snails
  18 vault sentinels
  6 frost giant skeletons
  4 titan simulacra (Coc:7)
  73 smoke demons
  9 water nymphs
  A water nymph (shapeshifter) (Depths:4)
  5 eyes of devastation
  16 molten gargoyles
  23 orange demons
  3 centaur skeletons
  2 storm dragon simulacra (Coc:7)
  35 hellions
  A spiny frog (shapeshifter) (Depths:4)
  10 spiny frogs
  A yellow draconian zombie (Crypt:2)
  2 elf skeletons
  43 freezing wraiths
  A yaktaur (shapeshifter) (Vaults:4)
  A shock serpent skeleton (Crypt:1)
  An emperor scorpion zombie (Dis:7)
  A white draconian zombie (Dis:3)
  11 komodo dragons
  72 yaktaurs
  2 catoblepas zombies
  3 dire elephant skeletons
  10 efreet
  36 ice devils
  3 kobold demonologists
  30 demonic crawlers
  3 rime drakes
  A redback zombie (Crypt:1)
  A yaktaur skeleton (Vaults:5)
  An iron troll zombie (Crypt:2)
  2 tengu conjurers
  A pale draconian skeleton (Crypt:1)
  50 tormentors
  26 hellwings
  7 anaconda simulacra
  A catoblepas skeleton (Geh:5)
  4 ancient zymes (Abyss:3)
  59 red devils
  11 trolls
  20 guardian mummies
  5 silent spectres
  3 meliai (D:14)
  A jumping spider (shapeshifter) (Vaults:3)
  5 harpy zombies
  A merfolk (shapeshifter) (Elf:3)
  14 hydra zombies
  2 polar bears (shapeshifter)
  6 wind drakes
  39 jumping spiders
  34 merfolk
  A troll (shapeshifter) (Vaults:3)
  A polar bear (Lair:6)
  132 slime creatures
  8 hornets
  14 raiju (Abyss:3)
  21 hippogriffs
  11 snapping turtles
  2 shadow dragon simulacra
  6 hydra skeletons
  A bog body (Crypt:2)
  5 blink frogs
  6 ettin zombies
  2 wolf spider simulacra
  9 alligator zombies
  A meliai zombie (D:15)
  A raiju (shapeshifter) (Vaults:3)
  2 spriggan zombies
  18 dream sheep
  5 fire dragon zombies
  3 ice dragon zombies
  3 ettin skeletons
  131 flying skulls
  25 shadows
  2 harpy skeletons
  5 spriggans
  5 fire dragon skeletons
  77 redbacks
  49 yaks
  7 alligator skeletons
  24 water elementals
  8 air elementals
  6 wyverns
  A vampire (Dis:2)
  10 ice dragon skeletons
  48 ynoxinuls
  26 wraiths
  35 tarantellas
  7 ushabtiu
  32 chaos spawn
  2 fire bats (Pan)
  28 fire elementals
  10 hungry ghosts
  2 black mamba skeletons
  A basilisk (shapeshifter) (Vaults:4)
  7 basilisks
  Eustachio (D:5)
  19 golden eyes
  31 neqoxecs
  3 steam dragons
  86 large abominations
  4 wargs
  Edmund (D:5)
  3 hydra simulacra
  3 spatial vortices (Abyss:3)
  A soldier ant (shapeshifter) (Vaults:3)
  4 insubstantial wisps (Abyss:3)
  2 acid dragons (Vaults:2)
  7 spiny frog zombies
  24 soldier ants (Spider:4)
  12 water moccasins
  7 floating eyes
  62 hell hounds
  11 porcupines
  A deep troll skeleton (Vaults:5)
  A merfolk skeleton (Tar:7)
  2 black bears
  A slave (D:7)
  62 orc warriors
  A human zombie (Vaults:4)
  A hornet zombie (Crypt:1)
  5 phantoms
  4 sky beasts
  9 snapping turtle zombies
  A manticore zombie (Dis:7)
  An alligator simulacrum (Hell)
  7 spiny frog skeletons
  4 swamp dragon zombies
  12 ice beasts
  9 wolves (Lair:1)
  10 eyes of draining
  An eye of draining (shapeshifter) (Depths:2)
  35 ogres
  10 boggarts
  26 necrophages
  4 manticore skeletons
  15 small abominations
  31 centaurs
  5 snapping turtle skeletons
  4 swamp dragon skeletons
  11 crocodiles
  8 big kobolds
  A hippogriff zombie (Crypt:2)
  A wyvern zombie (D:7)
  6 elf zombies
  A gnoll sergeant (D:9)
  Blork the orc (D:6)
  18 bullfrogs
  2 earth elementals
  4 spiny frog simulacra
  9 scorpions
  A deep troll simulacrum (Vaults:3)
  A water moccasin skeleton (D:8)
  A cyclops skeleton (Crypt:1)
  A troll zombie (Geh:7)
  A yak zombie (Crypt:2)
  60 wights
  6 killer bees
  An electric eel (D:14)
  8 howler monkeys
  A troll skeleton (Tar:4)
  5 crimson imps
  2 bullfrog zombies
  3 quasits
  10 starcursed masses (Abyss:3)
  5 lava snakes (Lair:6)
  3 centaur zombies
  A human simulacrum (Vaults:3)
  24 orc priests
  6 jellies
  10 hounds
  2 iguanas
  24 orc wizards
  5 bullfrog skeletons
  24 iron imps
  Natasha (thrice) (D:3)
  A black bear skeleton (Crypt:1)
  33 worker ants
  A naga zombie (Dis:2)
  2 ogre zombies
  A naga skeleton (Geh:7)
  An ogre skeleton (Crypt:2)
  A hound zombie (D:5)
  2 hound skeletons
  43 mummies
  A howler monkey zombie (D:11)
  A worker ant zombie (D:9)
  13 gnolls (Bailey)
  15 adders
  13 shadow imps
  9 white imps
  An ufetubus (Pan)
  An ooze (shapeshifter) (Depths:2)
  An ooze (D:3)
  An adder zombie (D:9)
  A lava snake zombie (Crypt:2)
  An adder skeleton (D:9)
  3 worms
  5 dart slugs
  11 leopard geckos
  121 orcs
  10 bats
  7 giant cockroaches
  37 goblins
  21 hobgoblins
  20 jackals
  9 quokkas
  4 ball pythons
  A dart slug zombie (Crypt:2)
  2 frilled lizards
  A jackal zombie (D:7)
  15 kobolds
  A kobold zombie (Geh:6)
  A leopard gecko skeleton (Crypt:2)
  A leopard gecko zombie (D:5)
  7 rats
  2 crawling corpses (Elf:3)
  2 demonic plants (Pan)
  A fire vortex (Geh:7)
  3 fungi
  A macabre mass (Abyss:3)
  17 plants
  3 tentacles (Shoals:2)
5557 creatures vanquished.

Vanquished Creatures (collateral kills)
  Lom Lobon (Pan)
  The ghost of WhatIsLove the Apostle, a legendary HOFi of Beogh (Tomb:3)
  6 greater mummies
  Boris (Tomb:3)
  2 Brimstone Fiends (Pan)
  A Tzitzimitl (Tar:7)
  A bone dragon (Tar:7)
  3 Hell Sentinels (Dis:7)
  4 Ice Fiends (Coc:7)
  A lich (Tar:7)
  2 titans (Pan)
  An Executioner (Pan)
  An ancient champion (Dis:7)
  A storm dragon (Pan)
  A revenant (Tomb:3)
  An iron dragon (Dis:7)
  A cacodemon (Pan)
  4 balrugs
  An elemental wellspring (Coc:7)
  2 reapers (Tar:7)
  A bennu (Tomb:3)
  A very ugly thing (Pan)
  A blood saint (Pan)
  2 deep elf annihilators (Pan)
  A blizzard demon (Coc:7)
  2 quicksilver dragon zombies
  7 mummy priests
  A monstrous demonspawn (Pan)
  22 death scarabs
  3 hell hogs (Geh:7)
  A shock serpent (Pan)
  2 sun demons
  2 deep elf knights (Crypt:3)
  A soul eater (Pan)
  2 flayed ghosts
  4 skeletal warriors
  A sixfirhy (Pan)
  2 shadow demons (Tar:7)
  A wizard (Pan)
  An infernal demonspawn (Pan)
  A shadow dragon zombie (Tomb:3)
  A wolf spider zombie (Coc:7)
  A fire giant skeleton (Geh:7)
  A frost giant skeleton (Tar:7)
  A rust devil (Dis:7)
  2 dire elephant zombies
  A molten gargoyle (Geh:7)
  3 smoke demons (Pan)
  4 orange demons (Pan)
  2 hellions
  A shock serpent skeleton (Tar:7)
  3 freezing wraiths
  An efreet (Geh:7)
  2 hellwings (Pan)
  3 ice devils
  7 tormentors
  18 guardian mummies
  A demonic crawler (Pan)
  7 red devils
  An alligator zombie (Coc:3)
  5 large abominations (Pan)
  6 flying skulls
  8 ushabtiu (Tomb:3)
  2 water elementals
  A ynoxinul (Pan)
  A wraith (Geh:7)
  4 chaos spawn (Pan)
  2 fire bats (Pan)
  A hungry ghost (Tar:7)
  A neqoxec (Pan)
  A hell hound (Geh:7)
  An iron imp (Dis:7)
  An ogre skeleton (Tomb:3)
  11 mummies
  An adder (D:5)
  An ogre simulacrum (Coc:3)
  A leopard gecko (D:5)
  An orc (D:5)
  A giant cockroach (D:1)
  A fire vortex (Geh:7)
206 creatures vanquished.

Vanquished Creatures (others)
  A pandemonium lord (Pan)
  4 deep elf master archers (Crypt:3)
  A storm dragon (Zot:5)
  A ghost moth (Spider:4)
  A reaper (Geh:2)
  A rakshasa (Pan)
  A deep troll earth mage (Depths:2)
  A hell hog (Geh:6)
  32 death scarabs
  A sun demon (Geh:7)
  A hell knight (Geh:1)
  2 soul eaters (Pan)
  A skeletal warrior (Crypt:3)
  A deep troll (Vaults:3)
  3 deep elf archers
  2 ironbrand convokers (Vaults:3)
  A deep elf mage (Vaults:1)
  A hellwing (Pan)
  A guardian mummy (Tomb:2)
  8 flying skulls
  A redback (Spider:4)
  A chaos spawn (Pan)
  A hell hound (Dis:6)
  A boggart (Vaults:3)
  A necrophage (Tar:6)
  2 ogres
  An elf zombie (Geh:7)
  An orc wizard (D:5)
  An iron imp (Dis:7)
  2 small abominations (Abyss:3)
  A worker ant (D:5)
  2 mummies
  An adder (D:2)
  3 ball lightnings (Pan)
  A leopard gecko (D:7)
  A jackal (D:4)
  A block of ice (Pan)
  A fungus (Elf:2)
  A lurking horror (Abyss:3)
  10 plants
  2 tentacles (Shoals:2)
101 creatures vanquished.

Grand Total: 5864 creatures vanquished

Notes
Turn   | Place    | Note
-------+----------+-------------------------------------------
     0 | D:1      | GordonOverkill the Hill Orc Artificer began the quest for the Orb.
     0 | D:1      | Reached XP level 1. HP: 16/16 MP: 3/3
   140 | D:1      | Reached skill level 1 in Stealth
   146 | D:1      | Reached XP level 2. HP: 17/23 MP: 4/4
   452 | D:1      | Reached XP level 3. HP: 25/29 MP: 5/5
  1504 | D:2      | Reached XP level 4. HP: 31/37 MP: 6/6
  1714 | D:2      | Reached skill level 1 in Axes
  2222 | D:3      | Reached XP level 5. HP: 45/45 MP: 8/8
  2249 | D:3      | Noticed Natasha
  2255 | D:3      | Killed Natasha
  2265 | D:3      | Found a basalt altar of Yredelemnul.
  2425 | D:3      | Noticed Natasha
  2428 | D:3      | Killed Natasha
  2482 | D:3      | Noticed Natasha
  2485 | D:3      | Killed Natasha
  2531 | D:3      | Noticed an ice beast
  2535 | D:3      | Killed an ice beast
  2535 | D:3      | Reached XP level 6. HP: 53/53 MP: 9/9
  2750 | D:3      | Reached skill level 5 in Evocations
  2995 | D:4      | Reached skill level 5 in Fighting
  3138 | D:4      | Reached skill level 5 in Axes
  3138 | D:4      | Reached XP level 7. HP: 61/61 MP: 10/10
  3200 | D:4      | Found a staircase to the Ecumenical Temple.
  3209 | Temple   | Entered the Ecumenical Temple
  3307 | Temple   | Became a worshipper of Warmaster Okawaru
  3410 | D:4      | Found a sacrificial altar of Ru.
  3451 | D:4      | Found Guset's Antique Armour Shoppe.
  3474 | D:4      | Reached skill level 1 in Invocations
  3553 | D:4      | Bought a cloak for 144 gold pieces
  4277 | D:5      | Entered Level 5 of the Dungeon
  4577 | D:5      | Noticed Eustachio
  4581 | D:6      | Noticed Edmund
  4610 | D:5      | Reached XP level 8. HP: 36/68 MP: 5/11
  4616 | D:5      | Killed Edmund
  4616 | D:5      | Reached * piety under Okawaru
  4621 | D:5      | Reached skill level 5 in Invocations
  5135 | D:5      | Killed Eustachio
  5790 | D:6      | Reached ** piety under Okawaru
  5803 | D:6      | Reached XP level 9. HP: 70/74 MP: 14/14
  6022 | D:6      | Noticed Blork the orc
  6028 | D:6      | Killed Blork the orc
  6037 | D:6      | Reached skill level 10 in Axes
  6098 | D:6      | Found Ofooqen's Jewellery Emporium.
  6586 | D:7      | Found a flagged portal.
  6592 | Bailey   | Entered a bailey
  6837 | Bailey   | Noticed an orc knight
  6855 | Bailey   | Killed an orc knight
  6855 | Bailey   | Reached *** piety under Okawaru
  6866 | Bailey   | Noticed an orc warlord
  6867 | Bailey   | Noticed an orc knight
  6883 | Bailey   | Killed an orc warlord
  6883 | Bailey   | Reached **** piety under Okawaru
  6883 | Bailey   | Received a gift from Okawaru
  6883 | Bailey   | Reached ***** piety under Okawaru
  6883 | Bailey   | Reached XP level 10. HP: 64/81 MP: 11/16
  6893 | Bailey   | Killed an orc knight
  6919 | Bailey   | Reached skill level 15 in Axes
  6924 | Bailey   | Noticed an orc knight
  6958 | Bailey   | Killed an orc knight
  7651 | D:7      | Reached skill level 1 in Shields
  7808 | D:7      | Noticed Pikel
  7819 | D:7      | Killed Pikel
  7961 | D:7      | Noticed a two-headed ogre
  7968 | D:7      | Reached XP level 11. HP: 84/86 MP: 13/17
  7980 | D:7      | Killed a two-headed ogre
  8282 | D:7      | Noticed a cyclops
  8476 | D:7      | Killed a cyclops
  8631 | D:8      | Noticed a two-headed ogre
  8648 | D:7      | Killed a two-headed ogre
  8648 | D:7      | Received a gift from Okawaru
  9680 | D:9      | Reached skill level 10 in Armour
  9680 | D:9      | Reached XP level 12. HP: 94/94 MP: 18/18
  9681 | D:9      | Reached XP level 13. HP: 100/100 MP: 19/19
 10069 | D:9      | Received a gift from Okawaru
 10520 | D:9      | Reached XP level 14. HP: 96/116 MP: 18/20
 11024 | D:9      | Reached skill level 10 in Fighting
 11078 | D:9      | Received a gift from Okawaru
 11148 | D:10     | Entered Level 10 of the Dungeon
 11173 | D:10     | Found a staircase to the Orcish Mines.
 11412 | D:10     | Received a gift from Okawaru
 11532 | D:10     | You fall through a shaft for 2 floors!
 11896 | D:11     | Found a staircase to the Lair.
 12323 | D:11     | Found an iron altar of Okawaru.
 12751 | D:12     | Identified 3 scrolls of acquirement
 12762 | D:12     | Got a dazzling buckler
 12778 | D:12     | Identified the +3 buckler "Kubauxam" {rC++} (You acquired it on level 12 of the Dungeon)
 13430 | D:13     | Noticed Azrael
 13447 | D:13     | Killed Azrael
 13464 | D:13     | Received a gift from Okawaru
 14100 | D:13     | Noticed Snorg
 14122 | D:13     | Killed Snorg
 14156 | D:13     | Found a gate to the Vaults.
 14166 | D:13     | Reached skill level 5 in Dodging
 14208 | D:13     | Received a gift from Okawaru
 14261 | D:13     | Reached ****** piety under Okawaru
 14645 | D:13     | Learned a level 2 spell: Passwall
 14834 | D:13     | Reached XP level 15. HP: 135/135 MP: 21/21
 15000 | Lair:1   | Entered Level 1 of the Lair of Beasts
 17377 | Lair:3   | Received a gift from Okawaru
 17626 | Lair:3   | Received a gift from Okawaru
 17626 | Lair:3   | Reached skill level 15 in Fighting
 17649 | Lair:3   | Identified a +1 pair of boots of running (Okawaru gifted it to you on level 3 of the Lair of Beasts)
 17659 | Lair:3   | Found a hole to the Spider Nest.
 17685 | Lair:3   | Got a shimmering tin amulet
 18154 | Lair:3   | Identified the amulet of Qeile {rN+ Regen+ Str+4} (You found it on level 3 of the Lair of Beasts)
 18924 | Lair:4   | Found a staircase to the Shoals.
 19032 | Lair:4   | Noticed Nessos
 19040 | Lair:4   | Killed Nessos
 19705 | Lair:5   | Found a staircase to the Slime Pits.
 19906 | Lair:5   | Reached skill level 10 in Dodging
 20444 | Lair:6   | Entered Level 6 of the Lair of Beasts
 20526 | Lair:6   | Received a gift from Okawaru
 20806 | Lair:6   | Reached XP level 16. HP: 141/151 MP: 19/22
 21084 | Lair:6   | Found a large runed door.
 21084 | Lair:6   | Found a large runed door.
 21883 | D:14     | Found Sofyodefu's Food Boutique.
 21999 | D:14     | Noticed Agnes
 22024 | D:14     | Killed Agnes
 22202 | D:14     | Got a transparent graven amulet
 22203 | D:14     | Identified the amulet of the Country {Faith rC+ Int+4} (You acquired it on level 14 of the Dungeon)
 22730 | D:15     | Entered Level 15 of the Dungeon
 22836 | D:15     | Received a gift from Okawaru
 22999 | D:15     | Found a staircase to the Depths.
 23379 | D:15     | Noticed Sonja
 23385 | D:15     | Killed Sonja
 23450 | D:15     | Found a shimmering altar of Xom.
 23764 | Orc:1    | Entered Level 1 of the Orcish Mines
 23894 | Orc:1    | Found Uweih's Antique Weapon Shoppe.
 23989 | Orc:2    | Entered Level 2 of the Orcish Mines
 23989 | Orc:2    | Found Yfined's Weapon Shop.
 23998 | Orc:2    | Found Makaimei's Magic Scroll Shoppe.
 24064 | Orc:2    | Bought a scroll of blinking for 97 gold pieces
 24064 | Orc:2    | Bought a scroll of enchant weapon for 97 gold pieces
 24064 | Orc:2    | Bought a scroll of blinking for 97 gold pieces
 24126 | Orc:2    | Found Romonops's General Store.
 24135 | Orc:2    | Bought a scroll of magic mapping for 56 gold pieces
 24260 | Orc:2    | Found Xoher's Armour Boutique.
 24275 | Orc:2    | Found a staircase to the Elven Halls.
 24296 | Orc:2    | Found a roughly hewn altar of Beogh.
 24439 | Orc:2    | Paralysed by an orc sorcerer for 5 turns
 24722 | Orc:2    | Identified Upruv's Volume of the Captivating Mountains
 24728 | Orc:2    | Learned a level 3 spell: Spectral Weapon
 24914 | Orc:2    | Found Xioghali's Armour Emporium.
 24948 | Orc:2    | Reached XP level 17. HP: 61/170 MP: 16/23
 24999 | Orc:2    | Received a gift from Okawaru
 25224 | Orc:2    | Found Lutiram's Book Emporium.
 25230 | Orc:2    | Found Noits's Antique Armour Shop.
 25233 | Orc:2    | Found Nurono's General Store.
 25267 | Orc:2    | Bought a scroll of enchant armour for 82 gold pieces
 25280 | Orc:2    | Bought a pair of ancient boots for 228 gold pieces
 25280 | Orc:2    | Bought a warped helmet for 228 gold pieces
 25280 | Orc:2    | Identified the +0 pair of boots of Elitism {rElec rF+ MP+9} (You bought it in a shop on level 2 of the Orcish Mines)
 25281 | Orc:2    | Identified the cursed -3 helmet "Woutaegg" {rF+ rN+ MR- Stlth+} (You bought it in a shop on level 2 of the Orcish Mines)
 25930 | Spider:1 | Entered Level 1 of the Spider Nest
 26083 | Spider:1 | Noticed Louise
 26106 | Spider:1 | Killed Louise
 26459 | Spider:1 | Reached skill level 10 in Invocations
 26459 | Spider:1 | Reached XP level 18. HP: 178/178 MP: 23/26
 26460 | Spider:1 | Reached XP level 19. HP: 185/185 MP: 23/27
 26655 | Spider:2 | Reached skill level 15 in Armour
 29028 | Spider:3 | Received a gift from Okawaru
 29601 | Spider:4 | Entered Level 4 of the Spider Nest
 30211 | Spider:4 | Reached XP level 20. HP: 200/200 MP: 29/29
 30335 | Spider:4 | Received a gift from Okawaru
 31171 | Spider:4 | Got a gossamer rune of Zot
 31458 | Vaults:1 | Entered Level 1 of the Vaults
 32046 | Spider:1 | Got an encrusted broad axe
 32047 | Spider:1 | Identified the +10 broad axe of Karma {flame, rC+ Str+4 Dex+3} (You found it on level 1 of the Spider Nest)
 33151 | Vaults:2 | Gained mutation: Scrolls take you a little longer to read. [a shining eye]
 33159 | Vaults:2 | Lost mutation: Scrolls take you a little longer to read. [potion of mutation]
 33159 | Vaults:2 | Gained mutation: You are partially covered in large bone plates. (SH +4) [potion of mutation]
 33159 | Vaults:2 | Gained mutation: You are mostly covered in large bone plates. (SH +6) [potion of mutation]
 33159 | Vaults:2 | Gained mutation: Your muscles are strong. (Str +2) [potion of mutation]
 33404 | Vaults:2 | Received a gift from Okawaru
 33581 | Vaults:2 | Found a staircase to the Crypt.
 33581 | Vaults:2 | Found a basalt altar of Yredelemnul.
 33582 | Vaults:2 | Found an ancient bone altar of Kikubaaqudgha.
 33732 | Vaults:2 | Reached XP level 21. HP: 171/217 MP: 30/30
 34581 | Vaults:3 | Identified the Reference Book on Spatial Feathers
 34590 | Vaults:3 | Learned a level 6 spell: Deflect Missiles
 34783 | Vaults:3 | Received a gift from Okawaru
 34944 | Vaults:3 | Found Daiv's Assorted Antiques.
 35591 | Vaults:3 | Received a gift from Okawaru
 35691 | Vaults:3 | Found a flickering gateway to a bazaar.
 35717 | Vaults:3 | Reached skill level 27 in Fighting
 36087 | Vaults:4 | Cast into level 3 of the Abyss (a deep elf sorcerer)
 36102 | Abyss:3  | Paralysed by a floating eye for 3 turns
 36131 | Abyss:3  | Reached XP level 22. HP: 165/233 MP: 11/31
 36155 | Abyss:3  | Received a gift from Okawaru
 36156 | Abyss:3  | Got a heavily runed cloak {god gift}
 36157 | Abyss:3  | Identified the +2 cloak of Cowardice {rF+ Stlth+} (Okawaru gifted it to you on level 3 of the Abyss)
 36280 | Abyss:3  | Gained mutation: You are dopey. (Int -2) [a shining eye]
 36281 | Abyss:3  | Gained mutation: Your magical capacity is low. (-10% MP) [a shining eye]
 36288 | Abyss:3  | Paralysed by a floating eye for 2 turns
 36412 | Abyss:3  | Found a runed door.
 36413 | Abyss:3  | Found a runed door.
 36415 | Abyss:3  | Found a runed door.
 36416 | Abyss:3  | Found a runed door.
 36416 | Abyss:3  | Found a runed door.
 36417 | Abyss:3  | Found a runed door.
 36445 | Abyss:3  | Found a runed door.
 36514 | Abyss:3  | Found a runed door.
 36515 | Abyss:3  | Found a runed door.
 36515 | Abyss:3  | Found a runed door.
 36516 | Abyss:3  | Found a runed door.
 36546 | Abyss:3  | Found a runed door.
 36546 | Abyss:3  | Found a runed door.
 36560 | Abyss:3  | Found a runed door.
 36561 | Abyss:3  | Found a runed door.
 36562 | Abyss:3  | Found a runed door.
 36570 | Abyss:3  | Found a corrupted altar of Lugonu.
 36603 | Abyss:3  | Got an abyssal rune of Zot
 36614 | Abyss:3  | Found a runed door.
 36647 | Abyss:3  | Found a runed door.
 36648 | Abyss:3  | Found a runed door.
 36718 | Abyss:3  | Found a runed door.
 36719 | Abyss:3  | Found a runed door.
 36721 | Abyss:3  | Found a runed door.
 36722 | Abyss:3  | Found a runed door.
 36729 | Abyss:3  | Found a runed door.
 36731 | Abyss:3  | Found a runed door.
 36792 | Abyss:3  | Paralysed by accursed screaming for 1 turns
 36887 | Vaults:4 | Escaped the Abyss
 37091 | Vaults:4 | Received a gift from Okawaru
 37552 | Vaults:4 | Found Wuamay's Gadget Boutique.
 38220 | Depths:1 | Entered Level 1 of the Depths
 38235 | Depths:1 | Reached XP level 23. HP: 201/240 MP: 28/28
 38265 | Depths:1 | Noticed Saint Roka
 38273 | Depths:1 | Received a gift from Okawaru
 38311 | Depths:1 | Killed Saint Roka
 38610 | Depths:1 | Noticed an ancient lich
 38642 | Depths:1 | Found a gateway to a ziggurat.
 38642 | Depths:1 | Noticed an ancient lich
 38887 | Depths:1 | Found a gateway to Hell.
 39720 | Depths:1 | Received a gift from Okawaru
 39721 | Depths:1 | Found the +3 sling "Punk" {acid, rCorr}
 39860 | Depths:2 | Paralysed by an ogre mage for 3 turns
 40049 | Depths:2 | Gained mutation: You are very dopey. (Int -4) [a neqoxec]
 40054 | Depths:2 | Found a one-way gate leading to the halls of Pandemonium.
 40192 | Depths:2 | Found a viscous altar of Jiyva.
 40232 | Depths:2 | Found a transporter.
 40271 | Depths:2 | Found a shimmering altar of Xom.
 40460 | Depths:2 | Received a gift from Okawaru
 41036 | Depths:3 | Paralysed by an ogre mage for 6 turns
 41046 | Depths:3 | Reached XP level 24. HP: 208/249 MP: 28/28
 41420 | Depths:3 | Received a gift from Okawaru
 41597 | Depths:3 | Found a deep blue altar of Sif Muna.
 41626 | Depths:3 | Reached skill level 15 in Dodging
 42243 | Depths:4 | Found a corrupted altar of Lugonu.
 42245 | Depths:4 | Found a one-way gate to the infinite horrors of the Abyss.
 42415 | Depths:4 | Noticed a juggernaut
 42415 | Depths:4 | Received a gift from Okawaru
 42439 | Depths:4 | Killed a juggernaut
 42511 | Depths:4 | Got a heavily runed hat {god gift}
 42512 | Depths:4 | Identified the +0 hat of the Evil One {rCorr Dex-3 SInv Stlth+} (Okawaru gifted it to you on level 4 of the Depths)
 42693 | Depths:4 | Got an ancient copper ring
 42694 | Depths:4 | Identified the ring of Disaster {rN+ MR+} (You found it on level 4 of the Depths)
 42826 | Depths:4 | Found a glowing golden altar of the Shining One.
 42884 | Depths:4 | Found Dexeulolai's Antique Weapon Shop.
 42923 | Depths:5 | Entered Level 5 of the Depths
 43293 | Depths:5 | Noticed a juggernaut
 43308 | Depths:5 | Killed a juggernaut
 43473 | Depths:5 | Paralysed by a floating eye for 3 turns
 43485 | Depths:5 | Received a gift from Okawaru
 43493 | Depths:5 | Reached XP level 25. HP: 247/257 MP: 28/28
 43499 | Depths:5 | Found a gate to the Realm of Zot.
 43823 | Depths:5 | Noticed a juggernaut
 43836 | Depths:5 | Killed a juggernaut
 43836 | Depths:5 | Received a gift from Okawaru
 44478 | Shoals:1 | Entered Level 1 of the Shoals
 44478 | Shoals:1 | Noticed Aizul
 44489 | Shoals:1 | Killed Aizul
 45158 | Shoals:2 | Identified the amulet "Zouwkup" {Faith Int+4 Dex+2} (You acquired it on level 2 of the Shoals)
 45562 | Shoals:2 | Received a gift from Okawaru
 46439 | Shoals:4 | Entered Level 4 of the Shoals
 46651 | Shoals:4 | Noticed Ilsuiw
 46689 | Shoals:4 | Killed Ilsuiw
 46830 | Shoals:4 | Reached XP level 26. HP: 218/266 MP: 28/28
 47246 | Shoals:4 | Found Weud's Food Boutique.
 47415 | Shoals:4 | Found a runed door.
 47483 | Shoals:4 | Identified the Incunabulum of Air and Flames
 47661 | Shoals:4 | Learned a level 5 spell: Silence
 47725 | Shoals:4 | Got a barnacled rune of Zot
 48064 | Shoals:4 | Got a pair of heavily runed gloves
 48065 | Shoals:4 | Identified the +1 pair of gloves of the Blessed Realm {Regen+ rCorr Slay+3 Stlth-} (You found it on level 4 of the Shoals)
 48320 | Elf:1    | Entered Level 1 of the Elven Halls
 48323 | Elf:1    | Received a gift from Okawaru
 48461 | Elf:1    | Identified the Handbook of Evil Rites
 48496 | Elf:1    | Found Teoxzoplasch's Gadget Boutique.
 48503 | Elf:1    | Bought a wand of digging (8) for 384 gold pieces
 49258 | Elf:2    | Found Lutorr's Antique Weapon Shoppe.
 49384 | Elf:2    | Found a runed gate.
 49386 | Elf:2    | Found a runed gate.
 49389 | Elf:2    | Found a runed gate.
 49819 | Elf:2    | Found the +0 pair of fencer's gloves {+Riposte Dex+3}
 49943 | Elf:2    | Reached skill level 27 in Armour
 50326 | Elf:3    | Entered Level 3 of the Elven Halls
 50421 | Elf:3    | Noticed Mara
 50423 | Elf:3    | Noticed GordonOverkill's illusion
 50474 | Elf:3    | Noticed GordonOverkill's illusion
 50489 | Elf:3    | Noticed GordonOverkill's illusion
 50493 | Elf:3    | Killed Mara
 50829 | Elf:3    | Noticed Jorgrun
 50837 | Elf:3    | Killed Jorgrun
 50837 | Elf:3    | Received a gift from Okawaru
 50840 | Elf:3    | Got scorched storm dragon scales {god gift}
 50841 | Elf:3    | Identified the +6 storm dragon scales of the Iron City of Dis {rElec Str+5} (Okawaru gifted it to you on level 3 of the Elven Halls)
 51229 | Elf:3    | Reached XP level 27. HP: 230/273 MP: 23/28
 51437 | Elf:3    | Got a scorched shield
 51458 | Elf:3    | Identified the cursed +0 shield of Shadows and Fog {rF+ Str+3 Int+4} (You took it off a deep elf demonologist on level 3 of the Elven Halls)
 51466 | Elf:3    | Got a transparent golden ring
 51565 | Elf:3    | Identified Cuineoj's Grimoire of Creative Lightness
 51607 | Elf:3    | Identified the ring of Zadwiuh {MP+9 Int-3 Slay+5 Stlth+} (You took it off a deep elf mage on level 3 of the Elven Halls)
 52014 | Vaults:5 | Entered Level 5 of the Vaults
 52026 | Vaults:5 | Reached skill level 5 in Shields
 52045 | Vaults:5 | Received a gift from Okawaru
 52139 | Vaults:5 | Reached skill level 10 in Shields
 52384 | Vaults:5 | Found the +2 robe of Vines {NoPotionHeal Regen+7}
 52415 | Vaults:5 | Got a silver rune of Zot
 52594 | Vaults:5 | Received a gift from Okawaru
 52595 | Vaults:5 | Found the +7 captain's cutlass {speed, disarm}
 52735 | Vaults:5 | Found Zuedyago's Distillery.
 52739 | Vaults:5 | Bought a potion of curing for 60 gold pieces
 52739 | Vaults:5 | Bought a potion of haste for 200 gold pieces
 52739 | Vaults:5 | Bought a potion of flight for 60 gold pieces
 52739 | Vaults:5 | Bought a potion of curing for 60 gold pieces
 52739 | Vaults:5 | Bought 2 potions of curing for 120 gold pieces
 52739 | Vaults:5 | Bought a potion of agility for 80 gold pieces
 52739 | Vaults:5 | Bought a potion of invisibility for 160 gold pieces
 52739 | Vaults:5 | Bought a potion of haste for 200 gold pieces
 52745 | Vaults:5 | Found Acotac's Distillery.
 52749 | Vaults:5 | Bought a potion of agility for 60 gold pieces
 52749 | Vaults:5 | Bought a potion of flight for 45 gold pieces
 52749 | Vaults:5 | Bought a potion of curing for 45 gold pieces
 52749 | Vaults:5 | Bought a potion of mutation for 120 gold pieces
 52749 | Vaults:5 | Bought a potion of curing for 45 gold pieces
 52749 | Vaults:5 | Bought a potion of heal wounds for 75 gold pieces
 52900 | Vaults:5 | Found Cifecotim's Distillery.
 52904 | Vaults:5 | Bought a potion of heal wounds for 95 gold pieces
 52904 | Vaults:5 | Bought a potion of heal wounds for 95 gold pieces
 52904 | Vaults:5 | Bought a potion of flight for 57 gold pieces
 52904 | Vaults:5 | Bought a potion of curing for 57 gold pieces
 52904 | Vaults:5 | Bought 2 potions of mutation for 304 gold pieces
 52904 | Vaults:5 | Bought a potion of heal wounds for 95 gold pieces
 52904 | Vaults:5 | Bought a potion of might for 76 gold pieces
 52904 | Vaults:5 | Bought a potion of cancellation for 152 gold pieces
 52904 | Vaults:5 | Bought a potion of mutation for 152 gold pieces
 53298 | Vaults:5 | Reached skill level 15 in Shields
 53481 | Vaults:5 | Noticed an ancient lich
 53488 | Vaults:5 | Killed an ancient lich
 54090 | Zot:1    | Entered Level 1 of the Realm of Zot
 54128 | Zot:1    | Received a gift from Okawaru
 54131 | Zot:1    | Got a faintly humming hat {god gift}
 54132 | Zot:1    | Identified the -1 hat of Fallacy {rElec rF+ rC- Str+4} (Okawaru gifted it to you on level 1 of the Realm of Zot)
 54209 | Zot:1    | Noticed an orb of fire
 54550 | Zot:1    | Killed an orb of fire
 55524 | Zot:2    | Learned a level 1 spell: Apportation
 55526 | Zot:2    | Learned a level 1 spell: Summon Butterflies
 55533 | Zot:2    | Learned a level 6 spell: Invisibility
 55967 | Zot:3    | Found a transporter.
 55968 | Zot:3    | Found the +0 mask of the Dragon {MR+ Slay+3 SInv}
 56030 | Zot:3    | Received a gift from Okawaru
 56482 | Zot:3    | Found a transporter.
 56621 | Zot:3    | Received a gift from Okawaru
 57386 | Zot:5    | Entered Level 5 of the Realm of Zot
 57624 | Zot:5    | Received a gift from Okawaru
 57901 | Zot:5    | Noticed an ancient lich
 57907 | Zot:5    | Killed an ancient lich
 57913 | Zot:5    | Noticed an ancient lich
 57940 | Zot:5    | Killed an ancient lich
 57950 | Zot:5    | Noticed an orb of fire
 57961 | Zot:5    | Killed an orb of fire
 57963 | Zot:5    | Received a gift from Okawaru
 58075 | Zot:5    | Noticed an orb of fire
 58097 | Zot:5    | Killed an orb of fire
 58100 | Zot:5    | Noticed an ancient lich
 58100 | Zot:5    | Noticed an orb of fire
 58119 | Zot:5    | Killed an orb of fire
 58123 | Zot:5    | Killed an ancient lich
 58150 | Zot:5    | Noticed an ancient lich
 58158 | Zot:5    | Killed an ancient lich
 58241 | Zot:5    | Received a gift from Okawaru
 58271 | Zot:5    | Got a steaming pewter ring
 58272 | Zot:5    | Identified the ring of Juinoiru {rF+ MR+} (You acquired it on level 5 of the Realm of Zot)
 58513 | Zot:5    | Noticed krfreak's ghost (veteran BaIE)
 58530 | Zot:5    | Killed krfreak's ghost
 58825 | Hell     | Entered the Vestibule of Hell
 58825 | Hell     | Noticed Geryon
 58872 | Hell     | Killed Geryon
 58927 | Hell     | Received a gift from Okawaru
 59001 | Hell     | Got a faintly humming cloak {god gift}
 59002 | Hell     | Identified the +1 cloak of Hospitality {+Inv +Fly rC- Slay+4} (Okawaru gifted it to you in the Vestibule of Hell)
 59103 | Hell     | Found a gateway to the decaying netherworld of Tartarus.
 59186 | Hell     | Found a gateway to the ashen valley of Gehenna.
 59284 | Hell     | Found a gateway to the Iron City of Dis.
 59345 | Hell     | Found a gateway to the freezing wastes of Cocytus.
 59721 | Slime:1  | Entered Level 1 of the Pits of Slime
 60086 | Slime:2  | Gained mutation: You tend to lose your temper in combat. [a shining eye]
 60198 | Slime:1  | Gained mutation: You occasionally shout uncontrollably at your foes. [a shining eye]
 60203 | Slime:1  | Gained mutation: Your body sometimes deteriorates upon taking damage. [a shining eye]
 60205 | Slime:1  | Gained mutation: Your magical capacity is very low. (-20% MP) [a shining eye]
 60768 | Slime:3  | Received a gift from Okawaru
 61214 | Slime:5  | Entered Level 5 of the Pits of Slime
 61264 | Slime:5  | Gained mutation: Your magical capacity is extremely low. (-30% MP) [a shining eye]
 61292 | Slime:5  | Noticed the Royal Jelly
 61527 | Slime:5  | Gained mutation: Your body often deteriorates upon taking damage. [a shining eye]
 61536 | Slime:5  | Found a viscous altar of Jiyva.
 61598 | Slime:5  | Killed the Royal Jelly
 61656 | Slime:5  | Got a slimy rune of Zot
 62041 | Slime:4  | Lost mutation: Your muscles are strong. (Str +2) [a shining eye]
 62041 | Slime:4  | Paralysed by a floating eye for 3 turns
 62332 | Lair:5   | Lost mutation: You tend to lose your temper in combat. [potion of mutation]
 62332 | Lair:5   | Lost mutation: You are very dopey. (Int -4) [potion of mutation]
 62332 | Lair:5   | Lost mutation: You are dopey. (Int -2) [potion of mutation]
 62332 | Lair:5   | Gained mutation: You are partially covered in icy blue scales. (AC +2) [potion of mutation]
 62332 | Lair:5   | Gained mutation: Your flesh is cold resistant. (rC+) [potion of mutation]
 62332 | Lair:5   | Gained mutation: You have large cloven feet. [potion of mutation]
 62333 | Lair:5   | Lost mutation: You occasionally shout uncontrollably at your foes. [potion of mutation]
 62333 | Lair:5   | Lost mutation: Your magical capacity is extremely low. (-30% MP) [potion of mutation]
 62333 | Lair:5   | Lost mutation: You are partially covered in icy blue scales. (AC +2) [potion of mutation]
 62333 | Lair:5   | Lost mutation: Your flesh is cold resistant. (rC+) [potion of mutation]
 62333 | Lair:5   | Gained mutation: You are occasionally teleported next to monsters. [potion of mutation]
 62333 | Lair:5   | Gained mutation: You possess an exceptional clarity of mind. [potion of mutation]
 62334 | Lair:5   | Lost mutation: Your body often deteriorates upon taking damage. [potion of mutation]
 62334 | Lair:5   | Lost mutation: You have large cloven feet. [potion of mutation]
 62334 | Lair:5   | Lost mutation: Your magical capacity is very low. (-20% MP) [potion of mutation]
 62334 | Lair:5   | Lost mutation: Your body sometimes deteriorates upon taking damage. [potion of mutation]
 62334 | Lair:5   | Gained mutation: Your flesh is cold resistant. (rC+) [potion of mutation]
 62334 | Lair:5   | Gained mutation: Your flesh is very cold resistant. (rC++) [potion of mutation]
 62335 | Lair:5   | Lost mutation: You are occasionally teleported next to monsters. [potion of mutation]
 62335 | Lair:5   | Lost mutation: You possess an exceptional clarity of mind. [potion of mutation]
 62335 | Lair:5   | Gained mutation: You are agile. (Dex +2) [potion of mutation]
 62335 | Lair:5   | Gained mutation: You have a somewhat thin skeletal structure. (Dex +2, Stealth) [potion of mutation]
 63451 | Depths:1 | Killed an ancient lich
 63460 | Depths:1 | Killed an ancient lich
 63518 | Depths:2 | Found a transporter.
 63519 | Depths:2 | Paralysed by a floating eye for 3 turns
 63530 | Depths:2 | Received a gift from Okawaru
 63549 | Depths:2 | Got a coiled platinum ring
 63550 | Depths:2 | Identified the ring "Xetz" {rN++ MP+9} (You found it on level 2 of the Depths)
 63563 | Depths:2 | Identified the Reference Book on Cloudy Fascination
 63635 | Pan      | Entered Pandemonium
 64679 | Pan      | Noticed Wirul the pandemonium lord
 64695 | Pan      | Killed Wirul the pandemonium lord
 65067 | Pan      | Received a gift from Okawaru
 65253 | Pan      | Noticed Syzaluj the pandemonium lord
 65289 | Pan      | Killed Syzaluj the pandemonium lord
 65289 | Pan      | Reached skill level 27 in Dodging
 65350 | Depths:2 | Escaped Pandemonium
 65770 | Temple   | Fell from the grace of Okawaru
 65770 | Temple   | Became a worshipper of the Shining One
 66065 | Crypt:1  | Entered Level 1 of the Crypt
 66147 | Crypt:1  | Reached * piety under the Shining One
 66217 | Crypt:1  | Reached ** piety under the Shining One
 66437 | Crypt:1  | Reached *** piety under the Shining One
 66890 | Crypt:2  | Reached **** piety under the Shining One
 66901 | Crypt:2  | Identified Syfiadd's Volume of Glacial Necromancy
 67034 | Crypt:2  | Reached ***** piety under the Shining One
 67456 | Crypt:3  | Entered Level 3 of the Crypt
 67480 | Crypt:3  | Reached ****** piety under the Shining One
 67489 | Crypt:3  | Identified a +8 broad axe of holy wrath (a +6 broad axe of freezing blessed by the Shining One)
 67489 | Crypt:3  | Received a gift from the Shining One
 67537 | Crypt:3  | Found a basalt altar of Yredelemnul.
 68419 | Crypt:3  | Found a staircase to the Tomb.
 69150 | Pan      | Entered Pandemonium
 69273 | Pan      | Noticed Jaakhlubytz the pandemonium lord
 69291 | Pan      | Killed Jaakhlubytz the pandemonium lord
 69795 | Pan      | Was forgiven by Okawaru
 69805 | Pan      | Gained mutation: Your skin changes colour to match your surroundings (Stealth+). [a neqoxec]
 70080 | Pan      | Noticed Xiqegil the pandemonium lord
 70083 | Pan      | Killed Xiqegil the pandemonium lord
 70990 | Pan      | Noticed Romuf the pandemonium lord
 70995 | Pan      | Killed Romuf the pandemonium lord
 71274 | Pan      | HP: 11/273 [??? (4)]
 72757 | Pan      | Got a demonic rune of Zot
 72835 | Pan      | Entered the realm of Cerebov.
 73178 | Pan      | Identified the Disquisition on Unstable Stones
 73768 | Pan      | Learned a level 2 spell: Blink
 73805 | Pan      | Got a scorched crystal amulet
 73806 | Pan      | Identified the amulet of Zoahesk {Inacc *Corrode Fragile Dex+9 Stlth+} (You found it in Pandemonium)
 73832 | Pan      | Identified the Grimoire of the Ancient Orbs
 73882 | Pan      | Identified the Disquisition on Excruciating Air
 73974 | Pan      | Noticed Cerebov
 74018 | Pan      | Killed Cerebov
 74065 | Pan      | Got a fiery rune of Zot
 74284 | Pan      | Gained mutation: You expend magic power (3 MP) to strengthen your wands. [a neqoxec]
 74427 | Pan      | Gained mutation: Your spells are a little easier to cast, but a little less powerful. [a cacodemon]
 74431 | Pan      | Gained mutation: You occasionally shout uncontrollably at your foes. [a cacodemon]
 74445 | Pan      | Found an exit through the horrors of the Abyss.
 74505 | Pan      | Noticed Wuosic the pandemonium lord
 74515 | Pan      | Killed Wuosic the pandemonium lord
 75044 | Pan      | Found an exit through the horrors of the Abyss.
 75170 | Pan      | Noticed Vitsoh the pandemonium lord
 75177 | Pan      | Killed Vitsoh the pandemonium lord
 76138 | Pan      | Noticed Tupui the pandemonium lord
 76142 | Pan      | Killed Tupui the pandemonium lord
 76151 | Pan      | Reached skill level 27 in Shields
 76156 | Pan      | Reached skill level 1 in Translocations
 76461 | Pan      | Reached skill level 5 in Translocations
 76911 | Pan      | Gained mutation: Your body sometimes deteriorates upon taking damage. [a cacodemon]
 77155 | Pan      | Noticed Lomneas the pandemonium lord
 77166 | Pan      | Killed Lomneas the pandemonium lord
 77571 | Pan      | Found an exit through the horrors of the Abyss.
 77858 | Pan      | Noticed Gudolao the pandemonium lord
 77938 | Pan      | Killed Gudolao the pandemonium lord
 77976 | Pan      | Reached skill level 10 in Translocations
 77984 | Pan      | Gained mutation: You are weak. (Str -2) [a neqoxec]
 77989 | Pan      | Reached skill level 1 in Spellcasting
 77992 | Pan      | Gained mutation: Your body often deteriorates upon taking damage. [a neqoxec]
 78145 | Pan      | Lost mutation: You occasionally shout uncontrollably at your foes. [potion of mutation]
 78145 | Pan      | Lost mutation: You are weak. (Str -2) [potion of mutation]
 78145 | Pan      | Gained mutation: Your mind is acute. (Int +2) [potion of mutation]
 78146 | Pan      | Lost mutation: Your mind is acute. (Int +2) [potion of mutation]
 78146 | Pan      | Lost mutation: You expend magic power (3 MP) to strengthen your wands. [potion of mutation]
 78146 | Pan      | Lost mutation: Your flesh is very cold resistant. (rC++) [potion of mutation]
 78146 | Pan      | Gained mutation: Your system is resistant to poisons. (rPois) [potion of mutation]
 78265 | Pan      | Learned a level 4 spell: Passage of Golubria
 78668 | Pan      | Noticed Corio the pandemonium lord
 78681 | Pan      | Killed Corio the pandemonium lord
 78687 | Pan      | Reached skill level 5 in Spellcasting
 79435 | Pan      | Found an exit through the horrors of the Abyss.
 79732 | Pan      | Entered the realm of Gloorx Vloq.
 79802 | Pan      | Found an exit through the horrors of the Abyss.
 80136 | Pan      | Reached skill level 1 in Summonings
 80445 | Pan      | Noticed Gloorx Vloq
 80457 | Pan      | Killed Gloorx Vloq
 80457 | Pan      | Reached skill level 5 in Summonings
 80638 | Pan      | Got a dark rune of Zot
 80739 | Pan      | Entered the realm of Mnoleg.
 80768 | Pan      | Lost mutation: You are agile. (Dex +2) [a neqoxec]
 80769 | Pan      | Gained mutation: Your magical capacity is very low. (-20% MP) [a neqoxec]
 80803 | Pan      | Gained mutation: You tend to lose your temper in combat. [a cacodemon]
 80825 | Pan      | Noticed Mnoleg
 80844 | Pan      | Killed Mnoleg
 80844 | Pan      | Reached skill level 15 in Invocations
 80903 | Pan      | Gained mutation: You are clumsy. (Dex -2) [a neqoxec]
 80948 | Pan      | Gained mutation: Your spells are easier to cast, but less powerful. [a cacodemon]
 80991 | Pan      | Lost mutation: Your body often deteriorates upon taking damage. [a cacodemon]
 81019 | Pan      | Gained mutation: You are frail. (-10% HP) [a cacodemon]
 81026 | Pan      | Reached skill level 10 in Summonings
 81346 | Pan      | Got a glowing rune of Zot
 81437 | Pan      | Gained mutation: Scrolls take you a little longer to read. [a neqoxec]
 81456 | Pan      | Gained mutation: Your body often deteriorates upon taking damage. [a neqoxec]
 81458 | Pan      | Gained mutation: You are very clumsy. (Dex -4) [a neqoxec]
 81568 | Pan      | Lost mutation: Scrolls take you a little longer to read. [potion of mutation]
 81568 | Pan      | Lost mutation: You are very clumsy. (Dex -4) [potion of mutation]
 81568 | Pan      | Lost mutation: You tend to lose your temper in combat. [potion of mutation]
 81683 | Pan      | Noticed Tatitwoq the pandemonium lord
 81712 | Pan      | Killed Tatitwoq the pandemonium lord
 81786 | Pan      | Found an exit through the horrors of the Abyss.
 82077 | Pan      | Noticed Unareciw the pandemonium lord
 82087 | Pan      | Killed Unareciw the pandemonium lord
 82123 | Pan      | Found an exit through the horrors of the Abyss.
 83047 | Pan      | Entered the realm of Lom Lobon.
 83353 | Pan      | Found an exit through the horrors of the Abyss.
 83822 | Pan      | Noticed Lom Lobon
 83850 | Pan      | Killed Lom Lobon
 84011 | Pan      | Got a magical rune of Zot
 84189 | Depths:2 | Escaped Pandemonium
 84244 | Dis:1    | Entered Level 1 of the Iron City of Dis
 84482 | Dis:1    | Gained mutation: Potions are less effective at restoring your health. [mutagenic glow]
 84771 | Dis:3    | Found a burning altar of Makhleb.
 84855 | Dis:3    | Got a pitted turquoise ring
 84856 | Dis:3    | Identified the ring "Tukejocs" {rElec rC++ MR+ Int-3 Slay+2} (You acquired it on level 3 of the Iron City of Dis)
 85860 | Dis:7    | Entered Level 7 of the Iron City of Dis
 86018 | Dis:7    | Reached skill level 27 in Invocations
 86213 | Dis:7    | Noticed the Serpent of Hell
 86226 | Dis:7    | Killed the Serpent of Hell
 87127 | Dis:7    | Noticed Dispater
 87148 | Dis:7    | Killed Dispater
 87239 | Dis:7    | Got an iron rune of Zot
 87467 | Coc:1    | Entered Level 1 of Cocytus
 88562 | Coc:7    | Entered Level 7 of Cocytus
 88899 | Coc:7    | Reached skill level 27 in Axes
 89519 | Coc:7    | Noticed Antaeus
 89861 | Coc:7    | Killed Antaeus
 89861 | Coc:7    | Reached skill level 10 in Evocations
 89903 | Coc:7    | Reached skill level 1 in Air Magic
 90056 | Coc:7    | Got an icy rune of Zot
 90209 | Coc:7    | Reached skill level 5 in Air Magic
 90462 | Tar:1    | Entered Level 1 of Tartarus
 91065 | Tar:4    | Reached skill level 10 in Air Magic
 91396 | Tar:7    | Entered Level 7 of Tartarus
 91531 | Tar:7    | Reached skill level 10 in Spellcasting
 91607 | Tar:7    | Gained mutation: Armour fits poorly on your strangely shaped body. [mutagenic glow]
 91643 | Tar:7    | Gained mutation: You tend to lose your temper in combat. [mutagenic glow]
 91969 | Tar:7    | Noticed an ancient lich
 91975 | Tar:7    | Killed an ancient lich
 92096 | Tar:7    | Noticed Ereshkigal
 92114 | Tar:7    | Killed Ereshkigal
 92146 | Tar:7    | Got a bone rune of Zot
 92263 | Tar:7    | Lost mutation: Your body often deteriorates upon taking damage. [potion of mutation]
 92263 | Tar:7    | Lost mutation: Your magical capacity is very low. (-20% MP) [potion of mutation]
 92263 | Tar:7    | Lost mutation: Potions are less effective at restoring your health. [potion of mutation]
 92263 | Tar:7    | Gained mutation: Your flesh is heat resistant. (rF+) [potion of mutation]
 92264 | Tar:7    | Lost mutation: Your body sometimes deteriorates upon taking damage. [potion of mutation]
 92264 | Tar:7    | Lost mutation: Your flesh is cold resistant. (rC+) [potion of mutation]
 92264 | Tar:7    | Lost mutation: Your flesh is heat resistant. (rF+) [potion of mutation]
 92264 | Tar:7    | Gained mutation: You have sharp fingernails. [potion of mutation]
 92265 | Tar:7    | Lost mutation: You are frail. (-10% HP) [potion of mutation]
 92265 | Tar:7    | Lost mutation: Armour fits poorly on your strangely shaped body. [potion of mutation]
 92265 | Tar:7    | Lost mutation: You tend to lose your temper in combat. [potion of mutation]
 92265 | Tar:7    | Lost mutation: Your magical capacity is low. (-10% MP) [potion of mutation]
 92265 | Tar:7    | Lost mutation: You have a somewhat thin skeletal structure. (Dex +2, Stealth) [potion of mutation]
 92265 | Tar:7    | Lost mutation: You are clumsy. (Dex -2) [potion of mutation]
 92604 | Geh:1    | Entered Level 1 of Gehenna
 92706 | Geh:1    | Cast into level 2 of the Abyss (hell knight)
 92709 | Geh:1    | Escaped the Abyss
 92803 | Geh:3    | Reached skill level 15 in Spellcasting
 92805 | Geh:3    | Reached skill level 1 in Hexes
 92862 | Geh:4    | Found a corrupted altar of Lugonu.
 93020 | Geh:5    | Reached skill level 5 in Hexes
 93090 | Geh:7    | Entered Level 7 of Gehenna
 93315 | Geh:7    | Reached skill level 10 in Hexes
 94068 | Geh:7    | Noticed Asmodeus
 94090 | Geh:7    | Killed Asmodeus
 94180 | Geh:7    | Got an obsidian rune of Zot
 94683 | Tomb:1   | Entered Level 1 of the Tomb of the Ancients
 95110 | Tomb:1   | Reached skill level 15 in Hexes
 96748 | Tomb:2   | Noticed a greater mummy
 96754 | Tomb:2   | Noticed a greater mummy
 96757 | Tomb:2   | Noticed a greater mummy
 96757 | Tomb:2   | Killed a greater mummy
 96758 | Tomb:2   | Noticed a greater mummy
 96776 | Tomb:2   | Killed a greater mummy
 96781 | Tomb:2   | Killed a greater mummy
 96787 | Tomb:2   | Killed a greater mummy
 97203 | Tomb:1   | Noticed a greater mummy
 97206 | Tomb:1   | Killed a greater mummy
 97207 | Tomb:1   | Noticed a greater mummy
 97212 | Tomb:1   | Killed a greater mummy
 97245 | Tomb:1   | Noticed a greater mummy
 97249 | Tomb:1   | Killed a greater mummy
 97262 | Tomb:1   | Noticed a greater mummy
 97269 | Tomb:1   | Killed a greater mummy
 97405 | Tomb:1   | Noticed a greater mummy
 97408 | Tomb:1   | Noticed a greater mummy
 97417 | Tomb:1   | Killed a greater mummy
 97418 | Tomb:1   | Killed a greater mummy
 97521 | Tomb:1   | Noticed a greater mummy
 97527 | Tomb:1   | Killed a greater mummy
 97580 | Tomb:1   | Noticed a greater mummy
 97592 | Tomb:1   | Killed a greater mummy
 97592 | Tomb:1   | Reached skill level 15 in Evocations
 97748 | Tomb:1   | Noticed a greater mummy
 97770 | Tomb:1   | Killed a greater mummy
 97806 | Tomb:1   | Noticed a greater mummy
 97813 | Tomb:1   | Killed a greater mummy
 97816 | Tomb:1   | Noticed a greater mummy
 97818 | Tomb:1   | Noticed a greater mummy
 97823 | Tomb:1   | Killed a greater mummy
 97828 | Tomb:1   | Killed a greater mummy
 97912 | Tomb:1   | Noticed a greater mummy
 97917 | Tomb:1   | Killed a greater mummy
 97982 | Tomb:1   | Noticed a greater mummy
 97985 | Tomb:1   | Killed a greater mummy
 97993 | Tomb:1   | Noticed a greater mummy
 97996 | Tomb:1   | Killed a greater mummy
 98025 | Tomb:2   | Noticed Khufu
 98028 | Tomb:2   | Noticed a greater mummy
 98041 | Tomb:2   | Killed Khufu
 98046 | Tomb:2   | Killed a greater mummy
 98184 | Tomb:3   | Entered Level 3 of the Tomb of the Ancients
 98255 | Tomb:3   | Noticed Boris
 98263 | Tomb:3   | Noticed a greater mummy
 98270 | Tomb:3   | Killed a greater mummy
 98277 | Tomb:3   | Killed Boris
 98285 | Tomb:3   | Noticed a greater mummy
 98291 | Tomb:3   | Noticed a greater mummy
 98297 | Tomb:3   | Killed a greater mummy
 98313 | Tomb:3   | Noticed a greater mummy
 98449 | Tomb:3   | Noticed a greater mummy
 98449 | Tomb:3   | Noticed a greater mummy
 98449 | Tomb:3   | Noticed a greater mummy
 98449 | Tomb:3   | Noticed WhatIsLove's ghost (legendary HOFi)
 98450 | Tomb:3   | Noticed a greater mummy
 98452 | Tomb:3   | Noticed a greater mummy
 98469 | Tomb:3   | Got a golden rune of Zot
 98504 | Tomb:3   | Killed a greater mummy
 98504 | Tomb:3   | Killed a greater mummy
 98532 | Tomb:3   | Killed a greater mummy
 98535 | Tomb:3   | Killed a greater mummy
 98550 | Tomb:3   | Killed a greater mummy
 98562 | Tomb:3   | Killed WhatIsLove's ghost
 98572 | Tomb:3   | Killed a greater mummy
 98596 | Tomb:3   | Killed a greater mummy
 99395 | Zot:5    | Got the Orb of Zot
 99572 | Depths:5 | Noticed Coituemi the pandemonium lord
 99577 | Depths:5 | Killed Coituemi the pandemonium lord
100045 | D:$      | Escaped with the Orb!

Vault maps used:
D:1:      scummos_arrival_simple_fountains, minmay_close_crescents
D:2:      minmay_misc_feat_secret_circle, minmay_misc_feat_rows
D:3:      yredelemnul_altar_generic, first_ration, kennysheep_nub, uniq_natasha
D:4:      minmay_temple_entry_statues_fountains, serial_shops, shop_coins,
          nicolae_ru_awakened_eye
D:5:      gup_sewer_entry_spiral, uniq_eustachio
D:6:      serial_shops, nicolae_shop_behind_doors, uniq_edmund,
          uniq_blork_the_orc
D:7:      minmay_the_grid_triangle_9x9_rhombus_thin, enter_bailey_3, uniq_pikel
D:8:      grunt_ogre_cave
D:9:      minmay_quarter_circles, nzn_random_ring
D:10:     david_orc_3, minmay_misc_feat_square
D:11:     minmay_lair_entry_lava, basic_altar
D:13:     erik_vaults_2, uniq_snorg, uniq_azrael
D:14:     minmay_crystal_water, serial_shops, shop, grunt_ministairs_1,
          uniq_agnes
D:15:     hangedman_depths_entry_civil_slaughter, lemuel_statue_altar,
          uniq_sonja
Temple:   compressed_dpeg_circular_temple
Lair:1:   beast_lair_carwin_6, infiniplex_staircase_pool_2, grunt_megastairs_3,
          serial_bayou_shore_b
Lair:2:   wad_woods_tower, beast_lair_carwin_9
Lair:3:   nicolae_spider_entry_tight_spaces, patterned_corridor,
          lemuel_fruit_tree, grunt_megastairs_5, serial_bayou_shore_a
Lair:4:   elwin_shoals_entry_rooms, lemuel_fruit_fields, uniq_nessos
Lair:5:   slime_dummy, serial_bayou_pond_a
Lair:6:   cheibrodos_lair_end_hotspot
Shoals:1: uniq_aizul
Shoals:4: shoals_end_grunt_ice, shoal_ilsuiw, serial_shops,
          nicolae_shop_competitors_out_of_business, lightli_airlock
Spider:1: nicolae_spider_mines_1, hive_lemuel, uniq_louise
Spider:4: grunt_spider_rune_circles, minivault_29
Orc:1:    serial_shops, shop, guppyfry_library_mini
Orc:2:    st_orc_elflike, serial_shops, shop, shop, nicolae_shop_waterfront,
          shop, basic_altar, minmay_orc_treasury
Elf:1:    minmay_elf_arrival_circle, serial_shops, shop, minmay_elf_necromancy
Elf:2:    serial_shops, shop
Elf:3:    minmay_elf_hall_x, uniq_jorgrun, uniq_mara
Vaults:1: ontoclasm_vaults_hangar, hangedman_vaults_locks
Vaults:2: vaults_room_door_hall, minmay_crypt_entry_necro_gods,
          nicolae_vaults_ninety_degrees, vaults_room_pool,
          nicolae_vaults_three_branches
Vaults:3: nicolae_vaults_lopsided_apartments, hangedman_vaults_stagger,
          ontoclasm_vaults_ring_small, hangedman_vaults_maws,
          ontoclasm_vaults_spin, vaults_dpeg_hooks, v_rooms_6, v_rooms_1,
          v_pattern_3, nicolae_vaults_shelves_hall, v_misc_24,
          ontoclasm_vaults_gateway, nicolae_vaults_little_ls, vaults_room_pools,
          serial_shops, bzr_in_the_mist, shop
Vaults:4: hangedman_vaults_hat, hangedman_vaults_nodes, vaults_mumra_minichess,
          nicolae_vaults_specimen_jars, vaults_mumra_chevron,
          ontoclasm_vaults_bender, nicolae_vaults_diagonal_hallway_7,
          vaults_mumra_hexcomb, v_misc_8, v_misc_8, nicolae_vaults_shelves_hall,
          ontoclasm_vaults_chip, nicolae_vaults_diagonal_hallway_8,
          serial_shops, shop_statue
Vaults:5: serial_shops
Crypt:1:  serial_sigils, serial_sigils_hangedman_leer,
          serial_sigils_hangedman_gnaw, serial_sigils_hangedman_gut,
          serial_sigils_hangedman_snap, grunt_crypt_arrival_split
Crypt:2:  minivault_19
Crypt:3:  grunt_crypt_end_deaths_head
Tomb:2:   uniq_khufu
Tomb:3:   uniq_boris
Depths:1: enter_ziggurat_c, hangedman_geh_valley, kennysheep_doodads,
          grunt_ministairs_9, kilobyte_mutagenic_chamber, uniq_saint_roka
Depths:2: gammafunk_jiyva_shrine, rand_demon_pan_entry_4, hell_entry, tgw_xom
Depths:3: minmay_crystal_thing, hell_entry, pan_entry
Depths:4: kennysheep_oblong_rooms, serial_shops, shop_fountains, tso_metal_star,
          hell_entry, abyss_entry_flame_altar
Depths:5: grunt_runaround, hell_entry
Dis:2:    hangedman_iron_city_apartments
Dis:3:    kennysheep_iron_temple
Dis:4:    hangedman_dis_decor_tower
Dis:7:    dis_hangedman
Geh:4:    lemuel_hellish_altar
Geh:5:    door_vault
Geh:6:    grunt_megastairs_4
Geh:7:    geh_hangedman
Coc:7:    coc_old
Tar:4:    grunt_megastairs_2
Tar:7:    tar_old
Zot:1:    st_single_dragon_hoard_3
Zot:3:    chequers_guarded_unrand_mask_of_the_dragon
Zot:4:    st_single_dragon_hoard_4
Abyss:3:  hangedman_abyss_rune_macabre_mess, hangedman_decor_riveting
Pan:      evilmike_mini_pan_rooms, evilmike_mini_pan_diamond,
          nicolae_pan_mnolegish_1, grunt_pan_zigzag, evilmike_mini_pan_thingy,
          special_room, lemuel_hall_of_pain, cerebov, rand_demon_8,
          pan_blood_fountain_2, nicolae_pan_cerebovesque_2,
          evilmike_mini_pan_possible_glass, evilmike_mini_pan_3x3,
          nicolae_pan_gloorx_vloqian_1, reaverb_pan_squares,
          lemuel_hellion_island, pan_blood_fountain, nicolae_pan_hourglass,
          pan_blood_fountain_small, evilmike_mini_pan_T,
          pan_blood_fountain_small, reaverb_pan_chaos_star,
          nicolae_pan_gloorx_vloqian_2, gloorx_vloq_st,
          pan_blood_fountain_small, mnoleg_grunt, rand_demon_6,
          nicolae_pan_gloorx_vloqian_2, pan_disco_hall, lom_lobon_spiral_st
Bailey:   bailey_axe_minmay_hex_keep, bailey

Skill      XL: |  1  2  3  4  5  6  7  8  9 10 11 12 13 14 15 16 17 18 19 20 21 22 23 24 25 26 27 |
---------------+----------------------------------------------------------------------------------+-----
Stealth        | 1 |  1.0
Fighting       | 2 3 4 5 8 13 15 19 20 22 25 27 | 27.0
Dodging        | 2 7 10 14 15 16 27 | 27.0
Axes           | 1 3 5 6 9 14 16 18 27 | 27.0
Evocations     | 4 5 20 | 20.0
Invocations    | 4 7 8 10 11 12 27 | 27.0
Shields        | 4 27 | 27.0
Armour         | 10 13 14 15 16 20 22 25 27 | 27.0
Translocations | 10 | 10.0
Spellcasting   | 15 | 15.0
Summonings     | 10 | 10.0
Air Magic      | 10 | 10.0
Hexes          | 15 | 15.0
Short Blades   | |  1.0

Action                   |  1- 3 |  4- 6 |  7- 9 | 10-12 | 13-15 | 16-18 | 19-21 | 22-24 | 25-27 || total
-------------------------+-------+-------+-------+-------+-------+-------+-------+-------+-------++-------
Melee: Short sword       |   164 |   225 |   180 |       |       |       |       |       |       ||   569
       War axe           |       |       |   215 |   317 |   262 |       |       |       |       ||   794
       Punch             |       |       |     3 |       |       |       |       |       |       ||     3
       Broad axe         |       |       |       |       |   786 |   674 |  1395 |  1361 |  9089 || 13305
       Whip              |       |       |       |       |    38 |       |       |       |       ||    38
       Morningstar       |       |       |       |       |   106 |       |       |       |       ||   106
 Cast: Blink             |       |       |       |       |       |       |       |       |     2 ||     2
Invok: Heroism           |       |       |     3 |    13 |    22 |    10 |     9 |     6 |    10 ||    73
       Finesse           |       |       |       |       |       |     5 |     1 |     7 |    18 ||    31
       Summon Divine War |       |       |       |       |       |       |       |       |    52 ||    52
       Cleansing Flame   |       |       |       |       |       |       |       |       |    21 ||    21
       Divine Shield     |       |       |       |       |       |       |       |       |     2 ||     2
       Brand Weapon With |       |       |       |       |       |       |       |       |     1 ||     1
Evoke: Wand              |     6 |    20 |    22 |     4 |     3 |     3 |       |     1 |    14 ||    73
  Use: Scroll            |       |     9 |     8 |     5 |    23 |    12 |     6 |     9 |    72 ||   144
       Potion            |       |       |     5 |     3 |       |     2 |     6 |     8 |    64 ||    88
 Stab: Distracted        |       |     1 |       |     1 |     1 |       |       |       |     1 ||     4
       Paralysed         |       |     3 |    22 |     2 |    10 |     1 |       |       |       ||    38
       Held in net/web   |       |       |       |       |       |       |     2 |       |       ||     2
       Confused          |       |       |       |       |       |       |       |       |     1 ||     1
  Eat: Chunk             |     2 |     5 |    10 |    10 |    33 |    18 |    24 |    20 |    51 ||   173
       Ration            |       |       |     1 |       |     1 |       |     2 |     1 |    47 ||    52
Armor: Ring mail         |    55 |     9 |       |       |       |       |       |       |       ||    64
       Leather armour    |     1 |       |       |       |       |       |       |       |       ||     1
       Chain mail        |       |   135 |   188 |    54 |       |       |       |       |       ||   377
       Skin              |       |       |    46 |       |       |       |       |       |       ||    46
       Gold dragon scale |       |       |       |    33 |   680 |   354 |   866 |   667 |  1897 ||  4497
Dodge: Dodged            |    84 |   102 |   145 |    74 |   354 |   234 |   569 |   550 |  2568 ||  4680
       Deflected         |       |       |       |       |       |       |    38 |     1 |       ||    39
Block: Buckler           |       |       |       |    33 |   324 |   197 |   520 |   728 |   671 ||  2473
       Reflection        |       |       |       |       |     2 |       |       |       |   154 ||   156
       Large shield      |       |       |       |       |       |       |       |       |  5662 ||  5662
       Shield            |       |       |       |       |       |       |       |       |  1356 ||  1356

Table legend:
 A = Spawn XP
 B = Non-spawn XP
 C = Spawn XP percentage of total XP
 D = Spawn monster count
 E = Non-spawn monster count
 F = Spawn count percentage of total count
 G = Total turns spent on level
                    A         B        C        D         E        F      G
               +---------+---------+-------+---------+---------+-------+---------
         Total |  210337 | 4123554 |   4.9 |     330 |    5266 |   5.9 | 100045
               +---------+---------+-------+---------+---------+-------+---------
           D:1 |       0 |      70 |   0.0 |       0 |      38 |   0.0 |  1454
           D:2 |       0 |      92 |   0.0 |       0 |      32 |   0.0 |   961
           D:3 |       0 |     422 |   0.0 |       0 |      33 |   0.0 |   824
           D:4 |       0 |     263 |   0.0 |       0 |       9 |   0.0 |  1415
           D:5 |       0 |    1413 |   0.0 |       0 |      35 |   0.0 |  1625
           D:6 |       0 |     811 |   0.0 |       0 |      20 |   0.0 |   876
           D:7 |       0 |    6178 |   0.0 |       0 |      40 |   0.0 |  1329
           D:8 |       0 |    1516 |   0.0 |       0 |      26 |   0.0 |  1037
           D:9 |       0 |   10760 |   0.0 |       0 |      61 |   0.0 |  1644
          D:10 |       0 |    3493 |   0.0 |       0 |      40 |   0.0 |   825
          D:11 |       0 |    2253 |   0.0 |       0 |      22 |   0.0 |  1348
          D:12 |       0 |    3118 |   0.0 |       0 |      21 |   0.0 |  1035
          D:13 |       0 |   19963 |   0.0 |       0 |      59 |   0.0 |  2219
          D:14 |       0 |   10454 |   0.0 |       0 |      39 |   0.0 |   972
          D:15 |       0 |   14486 |   0.0 |       0 |      29 |   0.0 |  1243
        Lair:1 |       0 |    5951 |   0.0 |       0 |      27 |   0.0 |  1137
        Lair:2 |       0 |    6598 |   0.0 |       0 |      26 |   0.0 |  1326
        Lair:3 |       0 |    8017 |   0.0 |       0 |      25 |   0.0 |  1548
        Lair:4 |       0 |    7503 |   0.0 |       0 |      30 |   0.0 |  1130
        Lair:5 |       0 |    6835 |   0.0 |       0 |      25 |   0.0 |  1225
        Lair:6 |       0 |   17098 |   0.0 |       0 |      55 |   0.0 |  1320
      Shoals:1 |       0 |   11470 |   0.0 |       0 |      22 |   0.0 |   570
      Shoals:2 |       0 |   22464 |   0.0 |       0 |      44 |   0.0 |   704
      Shoals:3 |       0 |   14859 |   0.0 |       0 |      34 |   0.0 |   723
      Shoals:4 |       0 |   55210 |   0.0 |       0 |      88 |   0.0 |  1669
      Spider:1 |       0 |   13193 |   0.0 |       0 |      32 |   0.0 |   718
      Spider:2 |       0 |   21361 |   0.0 |       0 |      59 |   0.0 |  1593
      Spider:3 |       0 |   19737 |   0.0 |       0 |      55 |   0.0 |  1639
      Spider:4 |       0 |   41674 |   0.0 |       0 |     108 |   0.0 |  1513
       Slime:1 |       0 |   32278 |   0.0 |       0 |      54 |   0.0 |   551
       Slime:2 |       0 |   15065 |   0.0 |       0 |      28 |   0.0 |   422
       Slime:3 |       0 |   18280 |   0.0 |       0 |      30 |   0.0 |   508
       Slime:4 |       0 |   11742 |   0.0 |       0 |      14 |   0.0 |   488
       Slime:5 |       0 |   57277 |   0.0 |       0 |      61 |   0.0 |   756
         Orc:1 |       0 |    1787 |   0.0 |       0 |      12 |   0.0 |   609
         Orc:2 |       0 |   22200 |   0.0 |       0 |      99 |   0.0 |  1551
         Elf:1 |       0 |   26767 |   0.0 |       0 |      49 |   0.0 |   957
         Elf:2 |       0 |   41834 |   0.0 |       0 |      57 |   0.0 |  1109
         Elf:3 |       0 |   68909 |   0.0 |       0 |      61 |   0.0 |  1353
      Vaults:1 |       0 |   30809 |   0.0 |       0 |      63 |   0.0 |  1399
      Vaults:2 |       0 |   47829 |   0.0 |       0 |      85 |   0.0 |  1833
      Vaults:3 |       0 |   61201 |   0.0 |       0 |      96 |   0.0 |  1642
      Vaults:4 |       0 |   78316 |   0.0 |       0 |     111 |   0.0 |  1456
      Vaults:5 |       0 |  163996 |   0.0 |       0 |     126 |   0.0 |  1693
       Crypt:1 |       0 |   20183 |   0.0 |       0 |      36 |   0.0 |   925
       Crypt:2 |       0 |   34134 |   0.0 |       0 |      46 |   0.0 |   746
       Crypt:3 |       0 |   79716 |   0.0 |       0 |     123 |   0.0 |  1635
        Tomb:1 |       0 |  127202 |   0.0 |       0 |      78 |   0.0 |  1785
        Tomb:2 |       0 |   52117 |   0.0 |       0 |      59 |   0.0 |   821
        Tomb:3 |       0 |   94407 |   0.0 |       0 |     107 |   0.0 |   291
      Depths:1 |       0 |   62572 |   0.0 |       0 |      77 |   0.0 |  1826
      Depths:2 |       0 |   76757 |   0.0 |       0 |      95 |   0.0 |  1700
      Depths:3 |       0 |   30596 |   0.0 |       0 |      35 |   0.0 |  1097
      Depths:4 |       0 |   78326 |   0.0 |       0 |      69 |   0.0 |  1177
      Depths:5 |       0 |  112676 |   0.0 |       0 |      77 |   0.0 |  1794
          Hell |       0 |   69088 |   0.0 |       0 |      98 |   0.0 |   839
         Dis:1 |       0 |   14007 |   0.0 |       0 |      36 |   0.0 |   255
         Dis:2 |       0 |   32850 |   0.0 |       0 |      44 |   0.0 |   237
         Dis:3 |       0 |   32466 |   0.0 |       0 |      52 |   0.0 |   487
         Dis:4 |       0 |   10097 |   0.0 |       0 |      17 |   0.0 |   165
         Dis:5 |       0 |    6185 |   0.0 |       0 |       9 |   0.0 |    81
         Dis:6 |       0 |   28010 |   0.0 |       0 |      35 |   0.0 |   391
         Dis:7 |       0 |  170131 |   0.0 |       0 |     143 |   0.0 |  1525
         Geh:1 |       0 |   15161 |   0.0 |       0 |      46 |   0.0 |   123
         Geh:2 |       0 |    6859 |   0.0 |       0 |      16 |   0.0 |    65
         Geh:3 |       0 |    5230 |   0.0 |       0 |      11 |   0.0 |    17
         Geh:4 |       0 |    5635 |   0.0 |       0 |      19 |   0.0 |   149
         Geh:5 |       0 |   14828 |   0.0 |       0 |      32 |   0.0 |    87
         Geh:6 |       0 |   15098 |   0.0 |       0 |      24 |   0.0 |    42
         Geh:7 |       0 |  136971 |   0.0 |       0 |     173 |   0.0 |  1211
         Coc:1 |       0 |    2677 |   0.0 |       0 |       9 |   0.0 |   102
         Coc:2 |       0 |   24393 |   0.0 |       0 |      47 |   0.0 |   202
         Coc:3 |       0 |   10161 |   0.0 |       0 |      19 |   0.0 |   255
         Coc:4 |       0 |   34511 |   0.0 |       0 |      40 |   0.0 |   264
         Coc:5 |       0 |   13733 |   0.0 |       0 |      17 |   0.0 |   208
         Coc:6 |       0 |   20920 |   0.0 |       0 |      19 |   0.0 |    64
         Coc:7 |       0 |  154575 |   0.0 |       0 |     157 |   0.0 |  1862
         Tar:1 |       0 |    5285 |   0.0 |       0 |       6 |   0.0 |    24
         Tar:2 |       0 |   10361 |   0.0 |       0 |      19 |   0.0 |   142
         Tar:3 |       0 |   11782 |   0.0 |       0 |      23 |   0.0 |   210
         Tar:4 |       0 |   48064 |   0.0 |       0 |      60 |   0.0 |   353
         Tar:5 |       0 |    2378 |   0.0 |       0 |       4 |   0.0 |    44
         Tar:6 |       0 |   19045 |   0.0 |       0 |      34 |   0.0 |   161
         Tar:7 |       0 |  198538 |   0.0 |       0 |     151 |   0.0 |  1090
         Zot:1 |       0 |   78073 |   0.0 |       0 |      42 |   0.0 |  1271
         Zot:2 |       0 |   33245 |   0.0 |       0 |      19 |   0.0 |   573
         Zot:3 |       0 |   86493 |   0.0 |       0 |      50 |   0.0 |  1058
         Zot:4 |       0 |   32226 |   0.0 |       0 |      18 |   0.0 |   782
         Zot:5 |       0 |  223390 |   0.0 |       0 |      77 |   0.0 |  1268
       Abyss:3 |   22862 |   42498 |  35.0 |      53 |      73 |  42.1 |   800
           Pan |  187475 |  729490 |  20.4 |     277 |     676 |  29.1 | 16754
        Bailey |       0 |    4862 |   0.0 |       0 |      69 |   0.0 |   978
               +---------+---------+-------+---------+---------+-------+---------
